 Dungeon Crawl Stone Soup version 0.32-a0-5-gbffa963729 (webtiles) character file.

Game seed: 14741922382148720473

754 Flugslaktarn the Trooper (level 7, -1/64 HPs)
             Began as a Minotaur Fighter on Jan 13, 2024.
             Slain by an orc
             ... wielding a +0 flail
              (5 damage)
             ... on level 5 of the Dungeon.
             The game lasted 00:01:28 (3649 turns).

Flugslaktarn the Trooper (Minotaur Fighter)         Turns: 3649, Time: 00:01:29

Health: -1/64      AC:  7    Str: 22    XL:     7   Next: 49%
Magic:  6/6        EV:  9    Int:  5    God:
Gold:   240        SH:  5    Dex: 10    Spells: 6/6 levels left

rFire   . . .        a - +0 war axe
rCold   . . .        c - +0 buckler
rNeg    . . .        b - +0 scale mail
rPois   .            (helmet restricted)
rElec   .            (no cloak)
rCorr   .            (no gloves)
SInv    .            (no boots)
Will    .....        (no amulet) Stlth
                     (no ring)
HPRegen 0.30/turn    (no ring)
MPRegen 0.10/turn

%: no passive effects
@: mighty, about to teleport
A: horns 2, retaliatory headbutt
a: no special abilities


You were on level 5 of the Dungeon.
You visited 1 branch of the dungeon, and saw 5 of its levels.

You collected 240 gold pieces.

Inventory:

Hand Weapons
 a - a +0 war axe (weapon)
Armour
 b - a +0 scale mail (worn)
 c - a +0 buckler (worn)
Scrolls
 f - a scroll of silence {unknown}
 i - 2 scrolls of blinking {unknown}
 j - 2 scrolls of fear {unknown}
 k - a scroll of revelation {unknown}
 n - 3 scrolls of fog {unknown}
 p - a scroll of enchant weapon {unknown}
 r - 3 scrolls of identify
Potions
 l - a potion of lignification {unknown}
 m - a potion of mutation {unknown}
 o - a potion of invisibility {unknown}


   Skills:
 * Level 6.9 Fighting
 * Level 6.3 Axes
 + Level 5.3 Armour
 + Level 5.3 Shields


You had 6 spell levels left.
You didn't know any spells.
Your spell library contained the following spells:

 Spells                   Type           Power      Damage    Failure   Level
 Magic Dart               Conj           0%         1d3       85%         1
 Blink                    Tloc           0%         N/A       94%         2
 Call Imp                 Summ           0%         N/A       94%         2


Dungeon Overview and Level Annotations

Branches:
Dungeon (5/15)
 Temple: D:4-7

Altars:
Ashenzari
Dithmenos
Xom

Annotations:
D:5 Edmund, Pikel


Innate Abilities, Weirdness & Mutations

You have a pair of horns on your head.
You reflexively headbutt those who attack you in melee.


Message History

Sigmund is moderately wounded.
You slash the jackal!
You kill the jackal!
You hit the jackal.
You kill the jackal!
The howler monkey hoots and howls with incredible vigour!
An orc comes into view. It is wielding a +0 flail.
Sigmund looks at you with fury.
Sigmund gestures wildly while chanting.
Sigmund flickers and vanishes!
Deactivating autopickup; reactivate with Ctrl-A.
The howler monkey hoots and howls with incredible vigour!
A lemure comes into view.
You slash the scorpion!
The scorpion is almost dead.
You miss something.
The sentinel's mark upon you fades away.
You block the scorpion's attack. Something hits you. Something burns you.
Menkaure, Prince of Dust comes into view.
You block the scorpion's attack.
You slash the scorpion!
You kill the scorpion!
You miss something.
The howler monkey hoots and howls with incredible vigour!
An orc comes into view. It is wielding a +0 club.
Pikel, Merchant of Souls comes into view.
He is wielding a +1 whip of freezing.
Something completely misses you.
Menkaure mumbles some strange words.
Menkaure seems to speed up.
You hear a shout!
Your Fighting skill increases to level 6!
You barely miss something. Your headbutt misses something. You hit the lemure.
An orc comes into view. It is wielding a +0 whip.
You block the lemure's attack. Something hits you. Something burns you.
You slash something! Your headbutt misses something.
You hit the lemure but do no damage. You slash the lemure!
The howler monkey hoots and howls with incredible vigour!
The lemure hits you but does no damage. The lemure barely misses you.
Something hits you but does no damage.
You hear a shout! x2
You barely miss something. You headbutt something.
Reactivating autopickup.
You feel a bit more experienced.
You barely miss the lemure. You closely miss the lemure.
The lemure hits you but does no damage. x2
The howler monkey hoots and howls with incredible vigour!
You hear a shout!
Your Armour skill increases to level 5!
Your Shields skill increases to level 5!
You have reached level 7!
You miss the lemure.
The lemure is heavily wounded.
You miss the lemure. The lemure hits you. The lemure completely misses you.
You slice the lemure!!
You kill the lemure!
That felt strangely unrewarding.
You barely miss the howler monkey. You hit the orc. You barely miss the lemure.
The howler monkey barely misses you. You furiously retaliate!
You headbutt the howler monkey! The lemure barely misses you.
You furiously retaliate!
You headbutt the lemure!! The orc hits you with a +0 whip.
The howler monkey barely misses you. You block the orc's attack.
The orc hits you with a +0 club. The lemure hits you but does no damage.
You hit the howler monkey.
You kill the howler monkey!
You barely miss the orc. You hit the lemure. You hit the orc. You hit Menkaure.
Menkaure hits you. The orc hits you but does no damage.
Menkaure barely misses you. The lemure hits you. You block the orc's attack.
Your Axes skill increases to level 6!
You slash Menkaure!
Menkaure is severely damaged.
You barely miss the orc. You hit the lemure.
You kill the lemure!
That felt strangely unrewarding.
You slash the orc!
You kill the orc!
Menkaure calls on the powers of darkness!
Your body is wracked with pain!
* * * LOW HITPOINT WARNING * * *
The orc convulses!
The orc hits you with a +0 whip.
* * * LOW HITPOINT WARNING * * *
A lemure comes into view.
You hear a shout!
You slice Menkaure!!
You destroy Menkaure!
You barely miss the orc. You hit the orc.
A lemure comes into view.
The orc hits you but does no damage. You block the orc's attack.
Unknown command.
As you read the scroll labelled FUADDO CEPAAMIL, it crumbles to dust.
It is a scroll of identify.
e - a scroll of teleportation;
t - a scroll of teleportation
r - 3 scrolls of identify The orc hits you with a +0 flail.
* * * LOW HITPOINT WARNING * * *
The orc hits you with a +0 whip.
* * * LOW HITPOINT WARNING * * *
As you read the scroll of teleportation, it crumbles to dust.
You feel strangely unstable.
Edmund the Younger comes into view.
He is wielding a +1 flail of draining.
The orc hits you with a +0 flail.
You die...

#.###.#. #.....<...##
#......# #.##.......#
#......###.##........
#...........#.......#
#...........##..†####
#...........#........
#..............#.####
##..†o.#....##.#.#
#..@5.#....##.#.#
####o##....##.#.####
###K#..###.........
#†.@.........##.###
#.†..........# ...
#.†.....5....# ..#.
#)...........# ...
....#.##.#.... ....
.###.#.##.#...###...


You could see Edmund, Pikel, a lemure and 2 orcs.

Vanquished Creatures
  Sigmund (D:5)
  Menkaure (D:5)
  2 lemures (D:5)
  3 scorpions
  A howler monkey (D:5)
  2 hounds
  An orc priest (D:4)
  2 iguanas
  2 adders (D:4)
  2 ufetubi (D:5)
  3 dart slugs
  7 ribbon worms (D:2)
  6 orcs
  9 bats
  6 endoplasms
  4 giant cockroaches
  A goblin (D:4)
  5 hobgoblins
  9 jackals
  4 quokkas
  4 ball pythons
  4 frilled lizards
  4 kobolds
  11 rats
94 creatures vanquished.

Notes
Turn   | Place    | Note
-------+----------+-------------------------------------------
     0 | D:1      | Flugslaktarn the Minotaur Fighter began the quest for the
                  | Orb.
     0 | D:1      | Reached XP level 1. HP: 19/19 MP: 0/0
   321 | D:1      | Reached XP level 2. HP: 27/27 MP: 1/1
  1082 | D:2      | Reached XP level 3. HP: 33/33 MP: 2/2
  1295 | D:2      | Found a shadowy altar of Dithmenos.
  2022 | D:3      | Found a shimmering altar of Xom.
  2043 | D:3      | Noticed a scorpion
  2049 | D:3      | Killed a scorpion
  2050 | D:3      | Reached XP level 4. HP: 31/41 MP: 3/3
  2813 | D:4      | Reached skill level 5 in Fighting
  2814 | D:4      | Reached XP level 5. HP: 48/48 MP: 4/4
  3037 | D:4      | Found a broken altar of Ashenzari.
  3198 | D:4      | Reached skill level 5 in Axes
  3198 | D:4      | Reached XP level 6. HP: 52/57 MP: 5/5
  3545 | D:5      | Entered Level 5 of the Dungeon
  3627 | D:5      | Noticed Sigmund
  3638 | D:5      | Noticed Menkaure
  3639 | D:5      | Noticed Pikel
  3642 | D:5      | Killed Sigmund
  3643 | D:5      | Reached skill level 5 in Armour
  3643 | D:5      | Reached skill level 5 in Shields
  3643 | D:5      | Reached XP level 7. HP: 33/64 MP: 6/6
  3647 | D:5      | Killed Menkaure
  3648 | D:5      | HP: 3/64 [orc/+0 whip (4)]
  3649 | D:5      | Noticed Edmund
  3649 | D:5      | Slain by an orc

Illustrated notes

Levels and vault maps discovered:
D:1:      psy_arrival_whirlpool, layout_loops_corners, nicolae_wormholes
D:2:      layout_loops_ring, basic_altar
D:3:      layout_loops_cross, mainiacjoe_overflow_tiny_flanked, nrook_uturn
D:4:      layout_basic, cheibrodos_ashenzari_chains
D:5:      layout_basic, minmay_overflow_temple_star_quad, uniq_edmund,
          uniq_sigmund, uniq_menkaure, uniq_pikel

Skill      XL: |  1  2  3  4  5  6  7 |
---------------+----------------------+-----
Fighting       | 4 5 6 |  6.9
Axes           | 3 4 5 6 |  6.3
Armour         | 4 5 |  5.3
Shields        | 4 5 |  5.3

Action                     |  1- 3 |  4- 6 |  7- 9 || total
---------------------------+-------+-------+-------++-------
  Melee: War axe           |   112 |    75 |     5 ||   192
         Headbutt          |    15 |    12 |       ||    27
    Use: Potion            |       |     2 |       ||     2
         Scroll            |       |       |     2 ||     2
 Armour: Scale mail        |    73 |    60 |    12 ||   145
  Dodge: Dodged            |    54 |    33 |     5 ||    92
  Block: Buckler           |    15 |    29 |     3 ||    47

Table legend: (Time is in decaauts)
 A = Elapsed time spent in this place.
 B = Non-inter-level travel time spent in this place.
 C = Inter-level travel time spent in this place.
 D = Time resting spent in this place.
 E = Time spent auto-exploring this place.
 F = Levels seen in this place.
 G = Mean time per level.
                   A        B        C        D        E       F      G
               +--------+--------+--------+--------+--------+-----+--------+
         Total |   3714 |   3614 |    100 |      0 |   3104 |   5 |  742.8 |
       Dungeon |   3714 |   3614 |    100 |      0 |   3104 |   5 |  742.8 |
               +--------+--------+--------+--------+--------+-----+--------+

Top non-repeatable levels by time:
     D:3: 1030 daAuts
     D:1: 958 daAuts
     D:2: 843 daAuts
     D:4: 771 daAuts
     D:5: 110 daAuts
